[Event "EYTCC Open U18 2018"]
[Site "Bad Blankeburg"]
[Date "2018.07.17"]
[Round "6"]
[White "Teclaf, Pawel"]
[Black "Urban, Konstantin"]
[Result "1-0"]
[ECO "B90"]
[WhiteElo "2399"]
[BlackElo "2325"]
[Annotator "NA"]
[PlyCount "126"]
[EventDate "2018.07.12"]
[EventType "swiss"]
[EventCountry "GER"]
[SourceTitle "playchess.com"]
[Source "ChessBase"]
[SourceQuality "1"]
[TimeControl "40/5400+30:1800+30"]

1. e4 c5 2. Nf3 d6 3. d4 cxd4 4. Nxd4 Nf6 5. Nc3 a6 6. Nb3 e5 7. Bg5 Be7 8. Bxf6 Bxf6 9. Nd2 Be6 10. Nc4 Be7 11. Nd5 Nc6 12. c3 Rc8 13. Ncb6 Rb8 {[%emt 0:01:37] LiveBook: 68 Games} 14. Bd3 {[%emt 0:09:23] B33: Sicilian: Pelikan and Sveshnikov Variations} (14. Bc4 O-O 15. O-O Bg5 16. a4 Kh8 17. Qe2 g6 18. Rad1 Bh6 19. b4 a5 20. bxa5 Nxa5 21. Ba2 f5 22. exf5 gxf5 {½-½ (56) De Homont,R (2359)-Fritsche,F (2328) GER email 2016}) 14... O-O 15. O-O Bg5 16. a4 Ne7 17. Nxe7+ Qxe7 18. a5 $146 ({Predecessor:} 18. Qe2 Rbd8 19. Rfd1 g6 20. Bc4 Kg7 21. Bd5 Qc7 {½-½ (71) Csolto,T (2144)-Macko,M (2125) Slovakia 2004}) 18... Qc7 19. Bc2 Qc6 20. Bb3 Bd8 21. Bd5 Qc5 22. Bxe6 Bxb6 23. Ba2 Ba7 24. Qd5 Qxd5 25. Bxd5 Rfc8 26. Rfd1 Kf8 27. Rd3 Ke7 28. g3 Rc7 29. Kg2 Rcc8 30. f4 Rc7 31. Rf3 f6 32. fxe5 dxe5 33. g4 h6 34. h4 Rf8 35. Raf1 b6 36. axb6 Bxb6 37. g5 hxg5 38. hxg5 a5 39. Rg3 Kd8 $16 40. gxf6 Rxf6 41. Rg5 Rxf1 42. Kxf1 a4 43. Rxe5 a3 44. bxa3 Ra7 45. Re6 Bc5 46. Ke2 Rxa3 47. Kd3 Ra7 48. Rg6 Re7 49. Be6 Bd6 50. Kd4 Bf4 51. e5 Kc7 52. Kd5 Bd2 53. Bf5 Bf4 54. Rc6+ Kb7 55. e6 g5 56. Rc4 Bg3 57. Rg4 Bf4 58. Rxf4 gxf4 59. Kd6 Re8 60. e7 Kb6 61. Kd7 Rxe7+ 62. Kxe7 Kc5 63. Bd3 Kd5 1-0

[Event "EYTCC Open U18 2018"]
[Site "Bad Blankeburg"]
[Date "2018.07.17"]
[Round "6"]
[White "Gorshtein, Ido"]
[Black "Dobrovoljc, Vid"]
[Result "1/2-1/2"]
[ECO "B67"]
[WhiteElo "2382"]
[BlackElo "2344"]
[Annotator "NA"]
[PlyCount "77"]
[EventDate "2018.07.12"]
[EventType "swiss"]
[EventCountry "GER"]
[SourceTitle "playchess.com"]
[Source "ChessBase"]
[SourceQuality "1"]
[TimeControl "40/5400+30:1800+30"]

1. e4 c5 2. Ne2 Nc6 3. d4 cxd4 4. Nxd4 Nf6 5. Nc3 d6 6. Bg5 e6 7. Qd2 a6 8. O-O-O Bd7 9. f4 b5 10. Bxb5 axb5 11. Ndxb5 {[%emt 0:00:02] B67: Sicilian: Richter-Rauzer: 7...a6 8 0-0-0 Bd7, lines without 9 f4 Be7} Nb4 12. Nxd6+ (12. e5 Nxa2+ 13. Nxa2 Bxb5 14. Nc3 Ne4 15. Qd4 Ra1+ 16. Nb1 Nxg5 17. exd6 h5 18. fxg5 Qxg5+ 19. Rd2 Bd7 20. Rf1 Ra6 21. h4 Qh6 22. Qf2 f6 23. b3 Bxd6 24. Qe2 Rc6 25. Kb2 O-O {0-1 (25) Von Bahr,O (2382)-Barkhagen,J (2563) Sweden 2006}) 12... Bxd6 13. Qxd6 Nxa2+ 14. Nxa2 Rxa2 15. Bxf6 Ra1+ $146 ({Predecessor:} 15... gxf6 16. Kb1 Ra7 17. Rd3 Qc7 18. Qd4 e5 19. fxe5 fxe5 {½-½ (61) Stachanczyk,J (2212)-Dukaczewski,P (2285) Berlin 2009}) 16. Kd2 Rxd1+ 17. Rxd1 gxf6 18. Kc1 Rg8 19. g3 h5 20. Rd3 h4 21. b3 hxg3 22. hxg3 Rh8 23. Kb2 Rh1 24. g4 $17 (24. Rd4 $11 {keeps the balance.}) 24... Qc8 25. Rd4 Bb5 26. Qb6 Ba6 27. Rd2 Qa8 28. Rd4 Bd3 29. Ra4 Qc8 30. Qf2 Qc6 31. Qg2 Rf1 32. Qh2 Qc5 33. Qd2 Qxc2+ 34. Qxc2 Bxc2 35. Kxc2 Rxf4 36. Kd3 Rxg4 37. Ra7 f5 38. exf5 exf5 39. Rb7 1/2-1/2

[Event "EYTCC Open U18 2018"]
[Site "Bad Blankeburg"]
[Date "2018.07.17"]
[Round "6"]
[White "Nikitenko, Mihail"]
[Black "Blohberger, Felix"]
[Result "1/2-1/2"]
[ECO "C07"]
[WhiteElo "2371"]
[BlackElo "2420"]
[Annotator "NA"]
[PlyCount "102"]
[EventDate "2018.07.12"]
[EventType "swiss"]
[EventCountry "GER"]
[SourceTitle "playchess.com"]
[Source "ChessBase"]
[SourceQuality "1"]
[TimeControl "40/5400+30:1800+30"]

1. e4 e6 2. d4 d5 3. Nd2 c5 4. exd5 Qxd5 5. Ngf3 cxd4 6. Bc4 Qd8 7. O-O a6 8. a4 {[%emt 0:01:18] C07: French Tarrasch: 3...c5, 4 Ngf3 and 4 exd5 Qxd5} Nc6 9. Nb3 Bd7 $146 ({Predecessor:} 9... Nf6 10. Qe2 Bd6 11. Rd1 e5 12. Nbxd4 Nxd4 13. Rxd4 Qe7 14. Rxd6 Qxd6 15. b3 e4 16. Ba3 {0-1 (34) Stany,G (2500)-Ganguly,S (2650) Bhubaneswar 2018}) 10. Qe2 Bd6 11. Rd1 Nge7 12. Nbxd4 Qc7 13. Bg5 Nxd4 14. Rxd4 Nf5 15. Rdd1 h6 16. Bd2 O-O 17. Bc3 Rfd8 18. Ne5 Be8 19. Bd3 Bxe5 20. Bxe5 Qe7 21. Qg4 Qg5 22. Qxg5 hxg5 23. c4 f6 24. Bc7 Rd7 25. Bb6 Ne7 26. Bc2 Rc8 27. b3 Nd5 28. Ba5 b5 29. axb5 axb5 30. Bd3 bxc4 31. Bxc4 Bf7 32. g3 Ra7 33. Bd2 Rxa1 34. Rxa1 Rc7 35. Bd3 Be8 36. Ra8 Kf7 37. Rb8 Bc6 38. b4 Rb7 39. Rxb7+ Bxb7 40. b5 Ke7 41. Bc1 $14 g4 42. Ba3+ Kd7 43. Kf1 g6 44. Bxg6 f5 45. Bc5 Nc7 46. b6 Na8 47. Bd4 Bd5 48. Bf7 Ke7 49. Bg8 Nxb6 50. Bc5+ Kf6 51. Bxb6 Ke5 1/2-1/2

[Event "EYTCC Open U18 2018"]
[Site "Bad Blankeburg"]
[Date "2018.07.17"]
[Round "6"]
[White "Parkhov, Yair"]
[Black "Amon, Nejc"]
[Result "1-0"]
[ECO "D38"]
[WhiteElo "2364"]
[BlackElo "2295"]
[Annotator "NA"]
[PlyCount "103"]
[EventDate "2018.07.12"]
[EventType "swiss"]
[EventCountry "GER"]
[SourceTitle "playchess.com"]
[Source "ChessBase"]
[SourceQuality "1"]
[TimeControl "40/5400+30:1800+30"]

1. c4 Nf6 2. Nc3 e6 3. Nf3 d5 4. d4 Bb4 5. Qa4+ Nc6 6. e3 O-O 7. Bd2 Qe7 {[%emt 0:16:48] D38: Queen's Gambit Declined: Ragozin Defence (4 Nf3 Bb4)} (7... dxc4 8. Bxc4 Bd6 9. e4 e5 10. dxe5 Nxe5 11. Nxe5 Bxe5 12. O-O-O Qe8 13. Qxe8 Rxe8 14. f3 Be6 15. Bxe6 Rxe6 {½-½ (67) Navara,D (2727)-Harikrishna,P (2732) Prague 2018}) 8. a3 Bxc3 9. Bxc3 {[%emt 0:00:15] LiveBook: 3 Partien} Ne4 10. Rc1 Nxc3 11. Rxc3 Nb8 12. Qc2 c6 13. Bd3 h6 $146 ({Predecessor:} 13... g6 14. O-O Nd7 15. Kh1 {1-0 (36) Guimard,C-Caetano Netto,J Sao Paulo 1941}) 14. cxd5 exd5 15. b4 a6 16. O-O Qd6 17. Rb1 Bd7 18. a4 Rc8 19. Ne5 Be8 20. h3 Nd7 21. Bh7+ Kh8 22. Bf5 Nxe5 23. dxe5 Qxe5 24. Bxc8 Rxc8 25. Qd2 Bd7 26. Qd4 Qe6 27. Rd1 Re8 28. Rcc1 Qg6 29. Kh2 Re4 30. Qc5 Re5 31. Rd4 Rg5 32. g4 Re5 33. Rf4 Kh7 34. Qc2 Re4 $16 35. Rxe4 dxe4 36. Rd1 Be6 37. f4 f5 38. Rd6 fxg4 39. Qg2 Qf5 40. Qxg4 Qxg4 41. hxg4 Bxg4 42. Kg3 Be2 43. f5 h5 44. Kh4 Kg8 45. Rd7 b6 46. Rc7 c5 47. bxc5 bxc5 48. Rxc5 Kf7 49. Kg5 Bg4 50. Rc7+ Kf8 51. Ra7 Be2 52. a5 1-0

[Event "EYTCC Open U18 2018"]
[Site "Bad Blankeburg"]
[Date "2018.07.17"]
[Round "6"]
[White "Morgunov, Marc"]
[Black "Badelka, Olga"]
[Result "0-1"]
[ECO "B30"]
[WhiteElo "2362"]
[BlackElo "2407"]
[Annotator "NA"]
[PlyCount "52"]
[EventDate "2018.07.12"]
[EventType "swiss"]
[EventCountry "GER"]
[SourceTitle "playchess.com"]
[Source "ChessBase"]
[SourceQuality "1"]
[TimeControl "40/5400+30:1800+30"]

1. e4 c5 2. Nf3 Nc6 3. Bb5 e6 4. O-O Nge7 5. Re1 Nd4 6. Bf1 Nec6 7. c3 Nxf3+ {[%emt 0:00:08] B30: Sicilian: 2...Nc6 3 Bb5, lines without ...g6} 8. Qxf3 Be7 9. d3 (9. a4 O-O 10. Na3 e5 11. Nc4 d6 12. Ne3 Bg5 13. g3 g6 14. Nd5 f5 15. Bc4 {½-½ (54) Mamedov,R (2689)-Fedorov,A (2598) Lvov 2017}) 9... O-O 10. Be3 e5 11. a3 a5 12. a4 d6 13. Na3 $146 f5 14. Qd1 f4 15. Bd2 f3 16. g3 Be6 17. Nc4 Rb8 18. Rb1 Qe8 19. Be3 Qh5 20. Nd2 {[%emt 0:04:22] [#]} (20. Rc1 $15) 20... Rf6 $19 21. Nc4 g5 22. Bg2 Bg4 23. Bf1 Rh6 24. h3 Rf8 25. Bg2 Bxh3 26. Bxf3 Bg4 0-1

[Event "EYTCC Open U18 2018"]
[Site "Bad Blankeburg"]
[Date "2018.07.17"]
[Round "6"]
[White "Stoleriu, George"]
[Black "Martin, Julian"]
[Result "1-0"]
[ECO "B20"]
[WhiteElo "2347"]
[BlackElo "2415"]
[Annotator "NA"]
[PlyCount "95"]
[EventDate "2018.07.12"]
[EventType "swiss"]
[EventCountry "GER"]
[SourceTitle "playchess.com"]
[Source "ChessBase"]
[SourceQuality "1"]
[TimeControl "40/5400+30:1800+30"]

1. e4 c5 2. Be2 Nc6 3. f4 g6 4. Nf3 Bg7 5. O-O e6 {[%emt 0:16:36] B21: Sizilianisch (Morra-Gambit 2.d4 und 2.f4)} (5... d6 6. c3 Nf6 7. d3 Rb8 8. a4 a6 9. Kh1 O-O 10. Be3 c4 11. Nbd2 cxd3 12. Bxd3 b5 13. axb5 axb5 {1-0 (34) Adhiban,B (2655)-Wang,Y (2690) Riadh 2017}) 6. c3 d5 7. d3 Nge7 8. Na3 O-O 9. Be3 d4 10. Bd2 dxc3 11. bxc3 $146 ({Vorgänger:} 11. Bxc3 Nd4 12. Nxd4 Bxd4+ 13. Kh1 {0-1 (69) Borrelli,S (1961)-Messina,E (2125) Napoli 2011}) 11... b6 12. Rb1 Qd7 13. Nc4 Rd8 14. Qe1 Ba6 15. Nce5 Nxe5 16. Nxe5 Qd6 17. Rf3 f6 18. Ng4 h5 19. Nxf6+ Bxf6 20. e5 Bxe5 21. fxe5 Qxe5 22. Re3 Qf5 (22... Qd6 $16 {was necessary.}) 23. Bf3 Bxd3 24. Re5 Qf7 25. Rxe6 Nf5 $1 26. Bxa8 Bxb1 27. Bc6 Bxa2 28. Re5 Qf6 29. Bb5 Bf7 30. Bf4 Kh7 31. h3 a5 32. Ba4 Rd5 $17 33. Re2 Nd4 34. Rf2 Rf5 35. g3 Ne6 36. Bc2 Rd5 37. Bc1 Qg7 38. Qf1 Bg8 39. Rf6 a4 40. Bxg6+ Kh8 41. Bc2 Qxg3+ 42. Kh1 Ng5 43. Rh6+ Nh7 44. Bxh7 Rd1 45. Be4+ Kg7 46. Qxd1 Qxh3+ 47. Kg1 Qg4+ 48. Qxg4+ 1-0

[Event "EYTCC Open U18 2018"]
[Site "Bad Blankeburg"]
[Date "2018.07.17"]
[Round "6"]
[White "Subelj, Jan"]
[Black "Bronstein, Or"]
[Result "1-0"]
[ECO "B53"]
[WhiteElo "2327"]
[BlackElo "2350"]
[Annotator "NA"]
[PlyCount "99"]
[EventDate "2018.07.12"]
[EventType "swiss"]
[EventCountry "GER"]
[SourceTitle "playchess.com"]
[Source "ChessBase"]
[SourceQuality "1"]
[TimeControl "40/5400+30:1800+30"]

1. e4 c5 2. Nf3 d6 3. d4 cxd4 4. Qxd4 Nc6 5. Bb5 Bd7 6. Qd3 Nf6 7. c4 g6 8. Nc3 Bg7 9. O-O O-O 10. Bxc6 Bxc6 11. Nd4 Rc8 12. Rd1 {[%emt 0:05:16] B53: Sizilianisch (Ungarische Variante)} a6 13. Qe2 $146 ({Vorgänger:} 13. f3 Nd7 14. Qe2 Nc5 15. Be3 Na4 16. Nxa4 Bxa4 17. b3 Bd7 18. Rac1 Qa5 19. a4 Rc7 {1-0 (37) Kovalev,V (2641)-Tran,T (2522) Moscow 2018}) 13... Bd7 14. Nd5 e5 15. Nxf6+ Qxf6 16. Nc2 b5 17. Ne3 bxc4 18. Nxc4 Bb5 19. b3 Qe6 20. Rd5 Rfd8 21. Ba3 Bf8 22. Rad1 Rc6 23. f3 Rdc8 24. Qd2 Bxc4 25. bxc4 Rxc4 26. Bxd6 Rc2 27. Qa5 Bxd6 28. Rxd6 Rc1 29. Rxe6 Rxd1+ 30. Kf2 fxe6 31. Qxe5 Rd2+ 32. Ke3 Rcc2 33. Qxe6+ Kf8 34. Kf4 Rxa2 35. Kg5 Rac2 36. Qxa6 $18 Rc7 37. Qa3+ Ke8 38. e5 Rdd7 39. g4 Kf7 40. Qa6 Re7 41. f4 Re6 42. Qa2 Ke7 43. Qa5 Rec6 44. Qd5 Rc8 45. f5 h6+ 46. Kh4 gxf5 47. gxf5 Rc2 48. f6+ Kf8 49. Kh5 R8c7 50. Kg6 1-0

[Event "EYTCC Open U18 2018"]
[Site "Bad Blankeburg"]
[Date "2018.07.17"]
[Round "6"]
[White "Stevanic, David"]
[Black "Iliaguev, Nisim"]
[Result "1-0"]
[ECO "B47"]
[WhiteElo "2253"]
[BlackElo "2335"]
[Annotator "NA"]
[PlyCount "79"]
[EventDate "2018.07.12"]
[EventType "swiss"]
[EventCountry "GER"]
[SourceTitle "playchess.com"]
[Source "ChessBase"]
[SourceQuality "1"]
[TimeControl "40/5400+30:1800+30"]

1. e4 c5 2. Nf3 e6 3. d4 cxd4 4. Nxd4 Nc6 5. Nc3 Qc7 6. f4 a6 7. Nxc6 bxc6 8. Bd3 d5 9. O-O Nf6 10. Kh1 Be7 {[%emt 0:03:55] B46: Sicilian: Taimanov: 5 Nc3 a6} 11. b3 Bb7 12. Qe2 h6 $146 ({Predecessor:} 12... c5 $11 13. e5 Nd7 14. Nd1 Qc6 15. Bb2 O-O 16. Ne3 f5 17. exf6 Bxf6 18. Bxf6 Nxf6 {1-0 (41) Vuckovic,B (2623)-Damljanovic,B (2607) Tivat 2011}) 13. Bb2 O-O 14. e5 Nd7 15. Na4 Rae8 16. Bxa6 Bxa6 17. Qxa6 Ra8 18. Qe2 Rfb8 19. Nc3 g6 20. Nd1 $14 Ba3 21. Bc3 Bb4 22. Bxb4 Rxb4 23. a3 Rb7 24. Nf2 c5 25. h4 h5 26. Rfb1 Qd8 27. g3 Qa5 28. Qe3 Nb6 29. g4 hxg4 30. Nxg4 Kg7 31. f5 Rh8 32. fxg6 Rxh4+ 33. Nh2 Qa8 34. Qg5 Rxh2+ 35. Kxh2 Qh8+ 36. Kg2 Qh6 37. Qxh6+ Kxh6 38. gxf7 Rxf7 39. Rh1+ Kg6 40. Raf1 {[%emt 0:00:58] Kf6} 1-0

[Event "EYTCC Open U18 2018"]
[Site "Bad Blankeburg"]
[Date "2018.07.17"]
[Round "6"]
[White "Roseneck, Jonas"]
[Black "Szustakowski, Antoni"]
[Result "1/2-1/2"]
[ECO "C81"]
[WhiteElo "2182"]
[BlackElo "2330"]
[Annotator "NA"]
[PlyCount "100"]
[EventDate "2018.07.12"]
[EventType "swiss"]
[EventCountry "GER"]
[SourceTitle "playchess.com"]
[Source "ChessBase"]
[SourceQuality "1"]
[TimeControl "40/5400+30:1800+30"]

1. e4 e5 2. Nf3 Nc6 3. Bb5 a6 4. Ba4 Nf6 5. O-O Nxe4 6. d4 b5 7. Bb3 d5 8. dxe5 Be6 9. Qe2 Be7 10. Rd1 O-O 11. c4 bxc4 12. Bxc4 Bc5 13. Be3 Bxe3 14. Qxe3 Qb8 15. Bb3 Na5 16. Nbd2 Nxb3 {[%emt 0:00:22] C81: Open Ruy Lopez: Keres Variation (9 Qe2)} (16... Qa7 17. Qxa7 Rxa7 18. Nxe4 Nxb3 19. axb3 dxe4 20. Nd4 c5 21. Nxe6 fxe6 22. Rd6 Rb7 23. Rxe6 Rxb3 24. Rexa6 Rxb2 25. e6 Rfxf2 26. e7 Rxg2+ 27. Kf1 Kf7 28. Re6 Rgf2+ 29. Kg1 Rg2+ 30. Kf1 Rgf2+ {½-½ (30) Sutovsky,E (2647)-Vidit,S (2707) Poikovsky 2018}) 17. Nxb3 a5 18. Rab1 a4 19. Nc5 $146 ({Predecessor:} 19. Nbd2 Nxd2 20. Rxd2 a3 21. b3 c6 22. Rc1 Bd7 23. Nd4 Re8 24. Re2 {1-0 (33) Diani,J (2222)-Vieito Soria,L (1962) ICCF email 2008}) 19... Nxc5 20. Qxc5 Bf5 21. Rbc1 Qxb2 22. Rd2 Qb6 23. Qxd5 Be6 24. Qe4 h6 25. Rdc2 Rfd8 26. h3 c5 27. a3 Ra5 28. Qe3 Rc8 29. Nd2 Bd5 30. Nc4 Bxc4 31. Rxc4 Qb3 32. R1c3 Qd1+ 33. Kh2 Qd5 34. f4 $14 Kh7 35. Rc2 Rb5 36. Qe4+ Qxe4 37. Rxe4 Ra8 38. Rcc4 Rb3 39. Rxa4 Rxa3 40. Rxa3 Rxa3 41. Rc4 Ra5 42. Kg3 Kg6 43. Kf3 f5 44. Rc3 Kf7 45. g4 Ke6 46. Ke3 g5 47. Kf3 fxg4+ 48. hxg4 gxf4 49. Kxf4 Ra4+ 50. Kf3 Kxe5 {[%emt 0:00:00] Ke4+} 1/2-1/2

[Event "EYTCC Open U18 2018"]
[Site "Bad Blankeburg"]
[Date "2018.07.17"]
[Round "6"]
[White "Siniauski, Artsiom"]
[Black "Morgunov, Daniel"]
[Result "0-1"]
[ECO "C90"]
[WhiteElo "1967"]
[BlackElo "2346"]
[Annotator "NA"]
[PlyCount "76"]
[EventDate "2018.07.12"]
[EventType "swiss"]
[EventCountry "GER"]
[SourceTitle "playchess.com"]
[Source "ChessBase"]
[SourceQuality "1"]
[WhiteTeam "Belarus"]
[WhiteTeamCountry "BLR"]
[TimeControl "40/5400+30:1800+30"]

1. e4 e5 2. Nf3 Nc6 3. Bb5 a6 4. Ba4 Nf6 5. d3 b5 6. Bb3 Be7 7. O-O d6 8. c3 O-O 9. Re1 Na5 10. Bc2 c5 11. Nbd2 Nc6 12. Nf1 Re8 13. Ng3 h6 {[%emt 0:03:43] C90: Closed Ruy Lopez with 7...d6: Early deviations} 14. h3 Bf8 (14... Be6 15. Nh2 Bf8 16. Qf3 d5 17. Ng4 Nxg4 18. hxg4 d4 19. Nf5 Rc8 20. Bd2 c4 21. Rad1 dxc3 22. bxc3 cxd3 23. Bxd3 {1-0 (37) Vachier Lagrave,M (2789)-Fressinet,L (2662) Riadh 2017}) 15. Nf5 Bxf5 16. exf5 Qd7 $146 ({Predecessor:} 16... d5 17. g4 Qd6 18. Nh2 e4 19. dxe4 dxe4 20. Qxd6 Bxd6 21. f4 exf3 22. Rxe8+ Rxe8 23. Nxf3 {0-1 (76) Matheson,L (2004)-Solomon,S (2371) Ballarat 2010}) 17. Nh4 d5 18. f4 Bd6 19. Qf3 Qc7 20. g4 exf4 21. Rf1 Ne5 22. Qg2 c4 23. d4 Nd3 24. Bxd3 cxd3 25. Qf3 Qc4 26. Ng2 b4 27. Bxf4 Bxf4 28. Nxf4 bxc3 29. bxc3 d2 30. Rad1 Ne4 31. h4 Rac8 32. f6 Qxc3 33. fxg7 Qxd4+ 34. Kh1 Rc3 35. Nd3 f6 36. Qf4 Qxd3 37. Qxh6 Qh3+ 38. Kg1 Rg3# 0-1

[Event "EYTCC Open U18 2018"]
[Site "Bad Blankeburg"]
[Date "2018.07.18"]
[Round "7"]
[White "Gumularz, Szymon"]
[Black "Nikitenko, Mihail"]
[Result "1/2-1/2"]
[ECO "C54"]
[WhiteElo "2461"]
[BlackElo "2371"]
[Annotator "RC"]
[PlyCount "145"]
[EventDate "2018.07.12"]
[EventType "swiss"]
[EventCountry "GER"]
[SourceTitle "playchess.com"]
[Source "ChessBase"]
[SourceQuality "1"]
[WhiteTeam "Poland"]
[BlackTeam "Belarus"]
[WhiteTeamCountry "POL"]
[BlackTeamCountry "BLR"]
[TimeControl "40/5400+30:1800+30"]

1. e4 e5 2. Nf3 Nc6 3. Bc4 Bc5 4. c3 Nf6 5. d3 d6 6. Bb3 O-O 7. Nbd2 h6 8. h3 a6 9. O-O Be6 10. Re1 Re8 11. Bc2 Ba7 12. Nf1 d5 13. exd5 Bxd5 14. Ng3 Qd7 15. Be3 Bxe3 16. Rxe3 Rad8 17. Qe2 Bxf3 18. Qxf3 Nd5 19. Ree1 b5 20. Rad1 b4 21. Ba4 Re6 22. Ne4 Qe7 23. Bb3 Kf8 24. g3 bxc3 25. bxc3 Na5 26. Bxd5 Rxd5 27. Ng5 Red6 28. c4 Nxc4 29. Ne4 Nb6 30. Nxd6 Qxd6 31. Rc1 Kg8 32. d4 Rxd4 33. Qb7 c5 34. Qxa6 Rd2 35. Qb5 Nd7 36. Re2 Rd4 37. Qb7 h5 38. h4 Qg6 39. a4 Qg4 40. Ra2 e4 41. Qb5 e3 42. Qe2 exf2+ 43. Kxf2 Qh3 44. Qf1 Qf5+ 45. Kg1 Qg4 46. Kg2 Ne5 47. Qe2 Rxa4 48. Rb2 Qxe2+ 49. Rxe2 Nd3 50. Rb1 Rg4 51. Re7 f6 52. Rb8+ Kh7 53. Rc8 c4 54. Rc6 Kh6 55. Rc8 Ne5 56. Rh8+ Kg6 57. Kh3 Nd3 58. Rc8 f5 59. Rc6+ Kh7 60. Rec7 f4 61. gxf4 Nxf4+ 62. Kh2 Rxh4+ 63. Kg3 Rg4+ 64. Kf3 Nd5 65. Rd7 Rf4+ 66. Kg3 h4+ 67. Kh3 Nf6 68. Rdc7 Kh6 69. Rxc4 Rxc4 70. Rxc4 g5 71. Ra4 Kh5 72. Ra5 Kg6 73. Ra4 1/2-1/2

[Event "EYTCC Open U18 2018"]
[Site "Bad Blankeburg"]
[Date "2018.07.18"]
[Round "7"]
[White "Blohberger, Felix"]
[Black "Keymer, Vincent"]
[Result "0-1"]
[ECO "B51"]
[WhiteElo "2420"]
[BlackElo "2466"]
[Annotator "ChessBase"]
[PlyCount "84"]
[EventDate "2018.07.12"]
[EventType "swiss"]
[EventCountry "GER"]
[SourceTitle "playchess.com"]
[Source "ChessBase"]
[SourceQuality "1"]
[WhiteTeam "Austria"]
[BlackTeam "Germany"]
[WhiteTeamCountry "AUT"]
[BlackTeamCountry "GER"]
[TimeControl "40/5400+30:1800+30"]

1. e4 c5 2. Nf3 d6 3. Bb5+ Nd7 4. d4 cxd4 5. Qxd4 a6 6. Bxd7+ Bxd7 7. O-O e5 8. Qd3 Qc7 9. c4 b5 10. b3 bxc4 11. bxc4 Rc8 12. Na3 Be7 13. Be3 Nf6 14. Bg5 O-O 15. Rac1 h6 16. Bxf6 Bxf6 17. Rfd1 Be6 18. Rc2 Qa7 19. Rdc1 Rc6 20. Nb1 Rfc8 21. Nbd2 Bd8 22. h3 Bb6 23. Nf1 Bc5 24. N3h2 Rb8 25. Ng4 h5 26. Nge3 g6 27. Kh2 Kg7 28. Rd1 Bd4 29. f4 Bxe3 30. Nxe3 exf4 31. Nd5 Bxd5 32. exd5 Rcc8 33. Re1 Re8 34. Rce2 Rxe2 35. Rxe2 Qc5 36. Qe4 Rb4 37. Qxf4 Rxc4 38. Qf3 Rc3 39. Qe4 Rc1 40. Re3 Rd1 41. Rd3 Qg1+ 42. Kg3 h4+ 0-1

[Event "EYTCC Open U18 2018"]
[Site "Bad Blankeburg"]
[Date "2018.07.18"]
[Round "7"]
[White "Martin, Julian"]
[Black "Morgunov, Marc"]
[Result "0-1"]
[ECO "C50"]
[WhiteElo "2415"]
[BlackElo "2362"]
[Annotator "ChessBase"]
[PlyCount "90"]
[EventDate "2018.07.12"]
[EventType "swiss"]
[EventCountry "GER"]
[SourceTitle "playchess.com"]
[Source "ChessBase"]
[SourceQuality "1"]
[WhiteTeam "Germany"]
[BlackTeam "Austria"]
[WhiteTeamCountry "GER"]
[BlackTeamCountry "AUT"]
[TimeControl "40/5400+30:1800+30"]

1. e4 e5 2. Nf3 Nc6 3. Bc4 Bc5 4. d3 Nf6 5. O-O O-O 6. h3 d6 7. c3 a5 8. Re1 Bb6 9. Nbd2 Ne7 10. d4 Ng6 11. Bd3 c6 12. Nf1 exd4 13. cxd4 Nh5 14. Bg5 f6 15. Be3 Nhf4 16. Bc2 d5 17. Bxf4 Nxf4 18. exd5 cxd5 19. Ne3 Be6 20. h4 g6 21. g3 Nh5 22. Nc4 Ng7 23. Nxb6 Qxb6 24. Re3 Bg4 25. Rb3 Qd6 26. Rxb7 Rab8 27. Rxb8 Rxb8 28. Bb3 a4 29. Bxa4 Nf5 30. Bb3 Nxg3 31. Qd3 Kg7 32. Re1 Ne4 33. Qe3 Re8 34. Nh2 Bd7 35. Bd1 Ng5 36. Qd2 Qf4 37. Re3 Nh3+ 38. Kg2 Re4 39. Bf3 Qxh4 40. Bxe4 Qg5+ 41. Ng4 Bxg4 42. Kh2 Qf4+ 43. Kg2 dxe4 44. Qc2 Bf3+ 45. Kf1 Qh2 0-1

[Event "EYTCC Open U18 2018"]
[Site "Bad Blankeburg"]
[Date "2018.07.18"]
[Round "7"]
[White "Badelka, Olga"]
[Black "Teclaf, Pawel"]
[Result "1/2-1/2"]
[ECO "D34"]
[WhiteElo "2407"]
[BlackElo "2399"]
[Annotator "ChessBase"]
[PlyCount "62"]
[EventDate "2018.07.12"]
[EventType "swiss"]
[EventCountry "GER"]
[SourceTitle "playchess.com"]
[Source "ChessBase"]
[SourceQuality "1"]
[WhiteTeam "Belarus"]
[BlackTeam "Poland"]
[WhiteTeamCountry "BLR"]
[BlackTeamCountry "POL"]
[TimeControl "40/5400+30:1800+30"]

1. d4 d5 2. c4 e6 3. Nc3 c5 4. cxd5 exd5 5. Nf3 Nf6 6. g3 Nc6 7. Bg2 Be7 8. dxc5 Bxc5 9. O-O O-O 10. Bg5 d4 11. Na4 Be7 12. Rc1 h6 13. Bf4 Nh5 14. Bd2 Be6 15. Nc5 Bxc5 16. Rxc5 Nf6 17. a3 Ne4 18. Rb5 a6 19. Rxb7 Nc5 20. Rb4 Rc8 21. Ne1 Nxb4 22. Bxb4 Re8 23. Bxc5 Rxc5 24. Nd3 Rc7 25. Nf4 Bc4 26. Qd2 Qd6 27. Bf3 Rd8 28. h4 Be6 29. Be4 Qe5 30. Nxe6 Qxe6 31. Bd3 Qb6 1/2-1/2

[Event "EYTCC Open U18 2018"]
[Site "Bad Blankeburg"]
[Date "2018.07.18"]
[Round "7"]
[White "Buckels, Valentin"]
[Black "Angun, Batu"]
[Result "1-0"]
[ECO "D70"]
[WhiteElo "2353"]
[BlackElo "2122"]
[Annotator "NA"]
[PlyCount "61"]
[EventDate "2018.07.12"]
[EventType "swiss"]
[EventCountry "GER"]
[SourceTitle "playchess.com"]
[Source "ChessBase"]
[SourceQuality "1"]
[WhiteTeam "Germany"]
[BlackTeam "Turkey"]
[WhiteTeamCountry "GER"]
[BlackTeamCountry "TUR"]
[TimeControl "40/5400+30:1800+30"]

1. d4 Nf6 2. c4 g6 3. Nf3 Bg7 4. g3 O-O 5. Bg2 c6 6. O-O d5 7. Qb3 Qb6 8. Nc3 Rd8 9. Rd1 Na6 10. Qxb6 $1 axb6 11. Na4 Nd7 12. cxd5 Nb4 13. Nc3 Nxd5 14. Nxd5 cxd5 15. Bf4 $16 Ra6 16. Bc7 Re8 17. e3 b5 18. Bf1 Rc6 19. Rac1 b4 20. Bb5 Rxc1 21. Rxc1 Rf8 22. Ba5 Nb8 23. Bxb4 Bf6 24. Ne5 Na6 25. Bxa6 bxa6 26. Nc6 Re8 27. Nxe7+ Bxe7 28. Bxe7 Rxe7 29. Rxc8+ Kg7 30. Rc6 Rb7 31. b3 1-0

[Event "EYTCC Open U18 2018"]
[Site "Bad Blankeburg"]
[Date "2018.07.18"]
[Round "7"]
[White "Morgunov, Daniel"]
[Black "Lagunow, Raphael"]
[Result "0-1"]
[ECO "B33"]
[WhiteElo "2346"]
[BlackElo "2411"]
[Annotator "ChessBase"]
[PlyCount "78"]
[EventDate "2018.07.12"]
[EventType "swiss"]
[EventCountry "GER"]
[SourceTitle "playchess.com"]
[Source "ChessBase"]
[SourceQuality "1"]
[WhiteTeam "Austria"]
[BlackTeam "Germany"]
[WhiteTeamCountry "AUT"]
[BlackTeamCountry "GER"]
[TimeControl "40/5400+30:1800+30"]

1. e4 c5 2. Nf3 Nc6 3. d4 cxd4 4. Nxd4 Nf6 5. Nc3 e5 6. Ndb5 d6 7. Bg5 a6 8. Na3 b5 9. Nd5 Be7 10. Bxf6 Bxf6 11. c3 O-O 12. Nc2 Bg5 13. a4 bxa4 14. Rxa4 a5 15. Bc4 Rb8 16. b3 Kh8 17. Nce3 Ne7 18. Nxe7 Qxe7 19. Nd5 Qd8 20. O-O f5 21. Qe2 fxe4 22. Qxe4 Bf5 23. Qe2 Be6 24. Rfa1 Bxd5 25. Bxd5 Qb6 26. Kf1 Qc5 27. Bc4 Bd8 28. Rd1 Bb6 29. Ra2 a4 30. Rc2 axb3 31. Bxb3 Qa3 32. Qc4 Bc5 33. Ba2 Rb2 34. Rdd2 Rxc2 35. Rxc2 Bxf2 36. Qd3 Qa7 37. Ke2 Bh4 38. Qc4 Bg5 39. Qd5 Qe3+ 0-1